Avalanche vs Penguins

Created - October 23, 2019 at 19:14

Goals
1 2 3 T
Avalanche 0 2 2 4
Penguins 0 0 2 2
Shots
1 2 3 T
Avalanche 12 6 7 25
Penguins 8 10 18 36

1st period

No Goal

Penalties :
Brady Skjei (Pit) for Hooking (Minor) at 11:44

2nd period

1. Avalanche , Alexander Radulov 2 (Andrei Kostitsyn 3) at 2:18 (PP)
2. Avalanche , Patric Hornqvist 3 (Bryan Little 2, Mikkel Boedker 2) at 9:08

Penalties :
Dustin Brown (Pit) for Holding (Minor) at 1:25, Steven Stamkos (Pit) for Roughing (Minor) at 9:31, Dmitry Kulikov (Col) for Hooking (Minor) at 14:22, Bryan Little (Col) for Tripping (Minor) at 19:52

3rd period

3. Avalanche , Charlie Coyle 1 (Dmitry Kulikov 4) at 0:04 (SH)
4. Penguins , Brady Skjei 1 (David Booth 1, Dustin Brown 1) at 0:45 (PP)
5. Penguins , Wayne Simmonds 1 (Sean Zimmerman 2, Steven Stamkos 1) at 2:25 (SH)
6. Avalanche , Matt Moulson 2 (Kyle Turris 2, Erik Karlsson 2) at 13:45

Penalties :
Christian Ehrhoff (Pit) for Tripping (Minor) at 2:05, David Booth (Pit) for Hooking (Minor) at 6:04, Teuvo Teravainen (Pit) for Holding (Minor) at 8:49, Erik Karlsson (Col) for Interference (Minor) at 18:35

Goalie Stats

Semyon Varlamov (Col), 34 saves from 36 shots - (0.944), W, 2-0-0, 60:00 minutes
Jacob Markstrom (Pit), 21 saves from 25 shots - (0.840), L, 0-2-0, 60:00 minutes

Players Stats for Avalanche

Player Name              G  A  P  +/- PIM S  H  SB GA TA FO     MP     PP MP  PK MP  
------------------------------------------------------------------------------------
Alexander Radulov        1  0  1   0  0   4  2  0  0  2  0/0    15:44   4:37   0:00 
Andrei Kostitsyn         0  1  1   0  0   0  4  0  0  0  2/2    16:21   4:37   0:36 
Andrew Ladd              0  0  0   1  0   1  2  0  1  0  0/1    15:01   0:29   2:49 
Bryan Little             0  1  1   0  2   2  2  1  2  1  12/29  21:03   5:43   0:00 
Charlie Coyle            1  0  1   1  0   2  0  0  0  0  5/11   14:36   0:00   2:52 
Damien Brunner           0  0  0   0  0   0  1  1  2  0  0/0    12:19   0:00   0:36 
Danny Richmond           0  0  0   0  0   0  1  1  0  0  0/0    19:20   4:32   1:30 
Darren Reid              0  0  0   1  0   0  2  0  0  0  1/2     7:39   0:16   0:39 
Dmitry Kulikov           0  1  1   1  2   0  2  4  0  1  0/0    13:55   0:00   1:24 
Erik Karlsson            0  1  1   1  2   0  2  1  0  0  0/0    26:01   6:16   0:39 
Jack Johnson             0  0  0   1  0   1  1  0  0  0  0/0    26:52   6:16   1:30 
Kyle Turris              0  1  1   1  0   0  1  1  0  0  2/2     7:43   0:00   1:00 
Marc Staal               0  0  0   1  0   1  1  1  0  0  0/0    19:40   4:32   2:46 
Matt Moulson             1  0  1   1  0   3  0  0  0  0  0/1     7:12   0:28   0:00 
Mattias Ekholm           0  0  0   0  0   1  3  2  0  0  0/0    14:11   0:00   0:43 
Mikkel Boedker           0  1  1   0  0   5  1  2  1  0  0/1    21:16   5:54   0:00 
Patric Hornqvist         1  0  1   0  0   4  3  1  0  1  1/2    21:04   5:43   0:00 
Paul Stastny             0  0  0   0  0   1  0  0  0  1  9/14   15:44   4:37   0:00 

Players Stats for Penguins

Player Name              G  A  P  +/- PIM S  H  SB GA TA FO     MP     PP MP  PK MP  
------------------------------------------------------------------------------------
Andrew Cogliano          0  0  0  -1  0   0  0  1  0  1  1/1    18:15   2:07   1:36 
Brady Skjei              1  0  1  -2  2   1  3  1  0  1  0/0    20:07   1:26   2:55 
Cal Clutterbuck          0  0  0   0  0   4  1  1  1  0  0/0    11:40   0:00   2:41 
Christian Ehrhoff        0  0  0   0  2   1  0  1  0  0  0/0    12:29   0:00   0:55 
David Booth              0  1  1  -1  2   2  4  1  0  0  0/1    15:51   2:06   0:07 
Dustin Brown             0  1  1  -1  2   3  2  0  2  0  1/1    15:44   2:06   0:00 
Eric Gryba               0  0  0  -2  0   2  2  3  1  2  0/0    21:03   1:26   3:50 
Josh Jooris              0  0  0  -1  0   0  0  0  0  1  0/0     7:23   0:03   0:00 
Keith Aulie              0  0  0   0  0   3  3  0  0  0  0/0    27:32   2:50   6:58 
Logan Couture            0  0  0   0  0   2  2  0  0  0  3/8    13:31   0:00   4:09 
Marcus Foligno           0  0  0   0  0   1  1  0  1  0  0/0     9:14   0:03   0:00 
Riley Sheahan            0  0  0  -1  0   2  0  0  0  0  3/4     7:46   0:03   0:23 
Roman Josi               0  0  0   0  0   0  0  0  0  1  0/0    11:25   0:00   0:00 
Ryan O'Reilly            0  0  0  -1  0   4  1  0  1  0  10/16  17:23   2:06   1:31 
Sean Zimmerman           0  1  1   0  0   3  1  3  0  0  0/0    27:32   2:50   6:58 
Steven Stamkos           0  1  1   0  2   3  3  0  0  0  14/33  22:03   2:07   5:06 
Teuvo Teravainen         0  0  0  -1  2   3  0  0  0  0  0/0     7:07   0:00   0:00 
Wayne Simmonds           1  0  1   0  0   2  2  0  0  0  1/1    23:01   2:07   6:03 

3 Stars

1 - Semyon Varlamov (Col)
2 - Patric Hornqvist (Col)
3 - Alexander Radulov (Col)

Power Play

Avalanche - 1 on 6 Attempt(s) - 16.67%
Penguins - 1 on 3 Attempt(s) - 33.33%

Penalty Kill

Avalanche - 2 on 3 Attempt(s) - 66.67% - Score 1 goal in Penalty Kill
Penguins - 5 on 6 Attempt(s) - 83.33% - Score 1 goal in Penalty Kill

Team Stat

Avalanche - Hits : 28 - Faceoff Wins : 32 - Blocked Shots : 15 - Penalty Minutes : 6
Penguins - Hits : 25 - Faceoff Wins : 33 - Blocked Shots : 11 - Penalty Minutes : 12

Official

Referees : Unknown
Linesman : Unknown

Game Notes

No Game Note

Finance

Level 1 -- Attendance: 6000 (100.00%) -- Ticket Income $492,000
Level 2 -- Attendance: 5000 (100.00%) -- Ticket Income $225,000
Level 3 -- Attendance: 1967 (98.35%) -- Ticket Income $64,911
Level 4 -- Attendance: 4000 (100.00%) -- Ticket Income $100,000
Luxury Box -- Attendance: 956 (95.60%) -- Ticket Income $152,960
Game was played at the Igloo.
Total Attendance: 17923 (99.57%)
Total Ticket Income: $1,034,871
Other Income: $155,231
Total Income: $1,190,102

Avalanche

5 vs 5 Forward 
   Center                   Left Wing                Right Wing               Time % Phy DF OF 
 1 Bryan Little             Mikkel Boedker           Patric Hornqvist         40     1   2  2  
 2 Paul Stastny             Andrei Kostitsyn         Alexander Radulov        30     1   2  2  
 3 Charlie Coyle            Andrew Ladd              Damien Brunner           20     1   2  2  
 4 Kyle Turris              Matt Moulson             Darren Reid              10     1   2  2  

5 vs 5 Defense 
   Defense                  Defense                                           Time % Phy DF OF 
 1 Jack Johnson             Erik Karlsson                                     40     1   2  2  
 2 Marc Staal               Dmitry Kulikov                                    30     1   2  2  
 3 Mattias Ekholm           Danny Richmond                                    30     1   2  2  
 4 Jack Johnson             Marc Staal                                        0      1   2  2  

PowerPlay Forward 
   Center                   Left Wing                Right Wing               Time % Phy DF OF 
 1 Bryan Little             Mikkel Boedker           Patric Hornqvist         60     1   2  2  
 2 Paul Stastny             Andrei Kostitsyn         Alexander Radulov        40     1   2  2  

PowerPlay Defense
   Defense                  Defense                                           Time % Phy DF OF 
 1 Jack Johnson             Erik Karlsson                                     60     1   2  2  
 2 Marc Staal               Danny Richmond                                    40     1   2  2  

Penalty Kill 4 Players Forward 
   Center                   Wing                     Time % Phy DF OF 
 1 Charlie Coyle            Andrew Ladd              60     1   2  2  
 2 Darren Reid              Kyle Turris              40     1   2  2  

Penalty Kill 4 Players Defense
   Defense                  Defense                  Time % Phy DF OF 
 1 Dmitry Kulikov           Marc Staal               60     1   2  2  
 2 Jack Johnson             Danny Richmond           40     1   2  2  

Penalty Kill - 3 Players Forward 
   Forward                                           Time % Phy DF OF 
 1 Mikkel Boedker                                    60     1   2  2  
 2 Patric Hornqvist                                  40     1   2  2  

Penalty Kill - 3 Players Defense
   Defense                  Defense                  Time % Phy DF OF 
 1 Jack Johnson             Marc Staal               60     1   2  2  
 2 Dmitry Kulikov           Danny Richmond           40     1   2  2  

4 vs 4 Forward 
   Center                   Wing                     Time % Phy DF OF 
 1 Mikkel Boedker           Patric Hornqvist         60     1   2  2  
 2 Bryan Little             Paul Stastny             40     1   2  2  

4 vs 4 Defense
   Defense                  Defense                  Time % Phy DF OF 
 1 Jack Johnson             Marc Staal               60     1   2  2  
 2 Erik Karlsson            Danny Richmond           40     1   2  2  

Last Minutes Offensive
   Center                   Left Wing                Right Wing               Defense                  Defense                  
   Bryan Little             Mikkel Boedker           Patric Hornqvist         Jack Johnson             Erik Karlsson            

Last Minutes Defensive
   Center                   Left Wing                Right Wing               Defense                  Defense                  
   Paul Stastny             Andrew Ladd              Patric Hornqvist         Jack Johnson             Marc Staal               

Goaltenders
Starting : Semyon Varlamov          
Backup : Mike Brodeur             

Extra Forwards
Normal : Andrew Ladd, Matt Moulson, Damien Brunner - PP : Andrew Ladd, Matt Moulson - PK : Damien Brunner
Extra Defensemen
Normal : Dmitry Kulikov, Mattias Ekholm, Erik Karlsson - PP : Dmitry Kulikov - PK : Mattias Ekholm, Erik Karlsson
Penalty Shots
Mikkel Boedker, Patric Hornqvist, Bryan Little, Paul Stastny, Andrei Kostitsyn

Scratches
None

Penguins

5 vs 5 Forward 
   Center                   Left Wing                Right Wing               Time % Phy DF OF 
 1 Steven Stamkos           Andrew Cogliano          Wayne Simmonds           40     1   1  3  
 2 Ryan O'Reilly            David Booth              Dustin Brown             30     1   1  3  
 3 Logan Couture            Marcus Foligno           Cal Clutterbuck          20     1   3  1  
 4 Riley Sheahan            Teuvo Teravainen         Josh Jooris              10     1   1  3  

5 vs 5 Defense 
   Defense                  Defense                                           Time % Phy DF OF 
 1 Keith Aulie              Sean Zimmerman                                    44     1   2  2  
 2 Eric Gryba               Brady Skjei                                       33     1   2  2  
 3 Roman Josi               Christian Ehrhoff                                 23     1   2  2  
 4 Keith Aulie              Sean Zimmerman                                    0      1   2  2  

PowerPlay Forward 
   Center                   Left Wing                Right Wing               Time % Phy DF OF 
 1 Steven Stamkos           Andrew Cogliano          Wayne Simmonds           60     0   1  4  
 2 Ryan O'Reilly            David Booth              Dustin Brown             40     0   1  4  

PowerPlay Defense
   Defense                  Defense                                           Time % Phy DF OF 
 1 Keith Aulie              Sean Zimmerman                                    60     1   1  3  
 2 Eric Gryba               Brady Skjei                                       40     1   1  3  

Penalty Kill 4 Players Forward 
   Center                   Wing                     Time % Phy DF OF 
 1 Steven Stamkos           Wayne Simmonds           60     1   3  1  
 2 Logan Couture            Cal Clutterbuck          40     1   3  1  

Penalty Kill 4 Players Defense
   Defense                  Defense                  Time % Phy DF OF 
 1 Keith Aulie              Sean Zimmerman           60     1   4  0  
 2 Eric Gryba               Brady Skjei              40     1   4  0  

Penalty Kill - 3 Players Forward 
   Forward                                           Time % Phy DF OF 
 1 Steven Stamkos                                    60     1   3  1  
 2 Logan Couture                                     40     1   3  1  

Penalty Kill - 3 Players Defense
   Defense                  Defense                  Time % Phy DF OF 
 1 Keith Aulie              Sean Zimmerman           60     1   4  0  
 2 Eric Gryba               Brady Skjei              40     1   4  0  

4 vs 4 Forward 
   Center                   Wing                     Time % Phy DF OF 
 1 Steven Stamkos           Andrew Cogliano          60     1   1  3  
 2 Ryan O'Reilly            Dustin Brown             40     1   1  3  

4 vs 4 Defense
   Defense                  Defense                  Time % Phy DF OF 
 1 Keith Aulie              Sean Zimmerman           60     1   2  2  
 2 Eric Gryba               Brady Skjei              40     1   2  2  

Last Minutes Offensive
   Center                   Left Wing                Right Wing               Defense                  Defense                  
   Steven Stamkos           Andrew Cogliano          Wayne Simmonds           Keith Aulie              Sean Zimmerman           

Last Minutes Defensive
   Center                   Left Wing                Right Wing               Defense                  Defense                  
   Steven Stamkos           Andrew Cogliano          Wayne Simmonds           Keith Aulie              Sean Zimmerman           

Goaltenders
Starting : Jacob Markstrom          
Backup : Sergei Bobrovsky         

Extra Forwards
Normal : Steven Stamkos, Ryan O'Reilly, Logan Couture - PP : Steven Stamkos, Ryan O'Reilly - PK : Logan Couture
Extra Defensemen
Normal : Sean Zimmerman, Eric Gryba, Christian Ehrhoff - PP : Keith Aulie - PK : Sean Zimmerman, Eric Gryba
Penalty Shots
Andrew Cogliano, Steven Stamkos, Wayne Simmonds, Ryan O'Reilly, David Booth

Scratches
Paul Ranger (Healthy), Riley Armstrong (Healthy)

% Time on Ice - Avalanche

Lines # - Real PCT - Wanted PCT - Time Play
Normal Forward
1 - 34% - 40% - 15:23
2 - 25% - 30% - 11:07
3 - 26% - 20% - 11:43
4 - 15% - 10% - 6:43
Normal Defense
1 - 43% - 40% - 19:07
2 - 29% - 30% - 12:54
3 - 29% - 30% - 12:55
4 - 0% - 0% - 0:00
PP Forward
1 - 57% - 60% - 6:11
2 - 43% - 40% - 4:37
PP Defense
1 - 58% - 60% - 6:16
2 - 42% - 40% - 4:32
PK Forward
1 - 85% - 60% - 3:37
2 - 15% - 40% - 0:39
PK Defense
1 - 65% - 60% - 2:46
2 - 35% - 40% - 1:30
PK3 Forward
1 - 0% - 60%
2 - 0% - 40%
PK3 Defense
1 - 0% - 60%
2 - 0% - 40%
44 Forward
1 - 0% - 60%
2 - 0% - 40%
44 Defense
1 - 0% - 60%
2 - 0% - 40%
Last Minute Offensive  - 0:00
Last Minute Defensive  - 0:00
Total
Forward - 60:00
Defense - 60:00

% Time on Ice - Penguins

Lines # - Real PCT - Wanted PCT - Time Play
Normal Forward
1 - 34% - 40% - 15:15
2 - 31% - 30% - 13:44
3 - 20% - 20% - 8:54
4 - 16% - 10% - 7:03
Normal Defense
1 - 39% - 44% - 17:44
2 - 35% - 33% - 15:47
3 - 25% - 23% - 11:25
4 - 0% - 0% - 0:00
PP Forward
1 - 51% - 60% - 2:10
2 - 49% - 40% - 2:06
PP Defense
1 - 66% - 60% - 2:50
2 - 34% - 40% - 1:26
PK Forward
1 - 75% - 60% - 8:07
2 - 25% - 40% - 2:41
PK Defense
1 - 65% - 60% - 6:58
2 - 35% - 40% - 3:50
PK3 Forward
1 - 0% - 60%
2 - 0% - 40%
PK3 Defense
1 - 0% - 60%
2 - 0% - 40%
44 Forward
1 - 0% - 60%
2 - 0% - 40%
44 Defense
1 - 0% - 60%
2 - 0% - 40%
Last Minute Offensive  - 0:00
Last Minute Defensive  - 0:00
Total
Forward - 60:00
Defense - 60:00

Play-by-Play

1st period


0:01 of 1st period - Steven Stamkos wins face-off versus Bryan Little in neutral zone.
1:14 of 1st period - Snap shot by Riley Sheahan.
1:14 of 1st period - Stopped by Semyon Varlamov with a rebound.
1:16 of 1st period - Slapshot by Eric Gryba.
1:16 of 1st period - Shot Misses the Net.
1:22 of 1st period - Wrist shot by Teuvo Teravainen.
1:22 of 1st period - Shot Misses the Net.
1:24 of 1st period - Snap shot by Riley Sheahan.
1:24 of 1st period - Shot Misses the Net.
1:57 of 1st period - Icing by Roman Josi.
1:58 of 1st period - Andrei Kostitsyn wins face-off versus Ryan O'Reilly in Penguins zone.
2:07 of 1st period - Snap shot by Alexander Radulov.
2:07 of 1st period - Stopped by Jacob Markstrom with a rebound.
2:09 of 1st period - Slapshot by Alexander Radulov.
2:09 of 1st period - Shot Misses the Net.
2:11 of 1st period - Slapshot by Mattias Ekholm.
2:11 of 1st period - Stopped by Jacob Markstrom without a rebound.
2:12 of 1st period - Andrew Cogliano wins face-off versus Bryan Little in Penguins zone.
2:12 of 1st period - Andrew Cogliano is hit by Bryan Little.
2:20 of 1st period - Wrist shot by Bryan Little.
2:20 of 1st period - Shot Blocked by Andrew Cogliano.
2:22 of 1st period - Snap shot by Patric Hornqvist.
2:22 of 1st period - Stopped by Jacob Markstrom with a rebound.
2:24 of 1st period - Snap shot by Mikkel Boedker.
2:24 of 1st period - Stopped by Jacob Markstrom with a rebound.
2:56 of 1st period - Off-side.
2:57 of 1st period - Andrei Kostitsyn wins face-off versus Ryan O'Reilly in neutral zone.
3:24 of 1st period - Erik Karlsson is hit by Steven Stamkos and loses puck.
3:45 of 1st period - Cal Clutterbuck is hit by Erik Karlsson and loses puck.
3:58 of 1st period - Kyle Turris is hit by Cal Clutterbuck and loses puck.
4:29 of 1st period - Mattias Ekholm is hit by Brady Skjei and loses puck.
5:59 of 1st period - Snap shot by Alexander Radulov.
5:59 of 1st period - Stopped by Jacob Markstrom with a rebound.
6:05 of 1st period - Wrist shot by Paul Stastny.
6:05 of 1st period - Shot Misses the Net.
6:41 of 1st period - Snap shot by Matt Moulson.
6:41 of 1st period - Stopped by Jacob Markstrom with a rebound.
6:57 of 1st period - Teuvo Teravainen is hit by Damien Brunner and loses puck.
7:22 of 1st period - Wrist shot by David Booth.
7:22 of 1st period - Shot Misses the Net.
7:24 of 1st period - Snap shot by Dustin Brown.
7:24 of 1st period - Shot Blocked by Dmitry Kulikov.
7:26 of 1st period - Snap shot by David Booth.
7:26 of 1st period - Shot Hit the Post.
7:28 of 1st period - Slapshot by Ryan O'Reilly.
7:28 of 1st period - Stopped by Semyon Varlamov with a rebound.
7:30 of 1st period - Snap shot by Dustin Brown.
7:30 of 1st period - Deflect By Ryan O'Reilly.
7:30 of 1st period - Shot Misses the Net.
7:30 of 1st period - Puck is out of play.
7:31 of 1st period - Bryan Little wins face-off versus Steven Stamkos in Avalanche zone.
8:04 of 1st period - Off-side.
8:05 of 1st period - Ryan O'Reilly wins face-off versus Paul Stastny in neutral zone.
8:32 of 1st period - Sean Zimmerman is hit by Andrew Ladd and loses puck.
9:36 of 1st period - Wrist shot by Wayne Simmonds.
9:36 of 1st period - Shot Misses the Net.
10:24 of 1st period - Snap shot by Matt Moulson.
10:24 of 1st period - Stopped by Jacob Markstrom without a rebound.
10:25 of 1st period - Kyle Turris wins face-off versus Riley Sheahan in Penguins zone.
10:40 of 1st period - Wrist shot by Darren Reid.
10:40 of 1st period - Shot Blocked by Sean Zimmerman.
10:50 of 1st period - Patric Hornqvist is hit by Steven Stamkos and loses puck.
11:17 of 1st period - Paul Stastny is hit by Dustin Brown and loses puck.
11:22 of 1st period - Snap shot by Dustin Brown.
11:22 of 1st period - Deflect By Ryan O'Reilly.
11:22 of 1st period - Stopped by Semyon Varlamov without a rebound.
11:23 of 1st period - Steven Stamkos wins face-off versus Charlie Coyle in Avalanche zone.
11:31 of 1st period - Erik Karlsson is hit by Brady Skjei and loses puck.
11:44 of 1st period - Minor Penalty to Brady Skjei for Hooking.
11:45 of 1st period - Patric Hornqvist wins face-off versus Steven Stamkos in Penguins zone.
13:07 of 1st period - Ryan O'Reilly is hit by Alexander Radulov and loses puck.
13:44 of 1st period - Penalty to Brady Skjei is over, Brady Skjei is back on ice.
13:50 of 1st period - Snap shot by Ryan O'Reilly.
13:50 of 1st period - Stopped by Semyon Varlamov without a rebound.
13:51 of 1st period - Riley Sheahan wins face-off versus Charlie Coyle in Avalanche zone.
14:02 of 1st period - Snap shot by Teuvo Teravainen.
14:02 of 1st period - Shot Blocked by Damien Brunner.
14:04 of 1st period - Backhand shot by Eric Gryba.
14:04 of 1st period - Stopped by Semyon Varlamov without a rebound.
14:05 of 1st period - Paul Stastny wins face-off versus Steven Stamkos in Avalanche zone.
14:22 of 1st period - Jack Johnson is hit by Wayne Simmonds and loses puck.
14:33 of 1st period - Snap shot by Dustin Brown.
14:33 of 1st period - Stopped by Semyon Varlamov with a rebound.
14:59 of 1st period - Slapshot by Jack Johnson.
14:59 of 1st period - Stopped by Jacob Markstrom without a rebound.
15:00 of 1st period - Charlie Coyle wins face-off versus Steven Stamkos in Penguins zone.
15:27 of 1st period - Slapshot by Damien Brunner.
15:27 of 1st period - Shot Misses the Net.
15:39 of 1st period - Wrist shot by Andrew Cogliano.
15:39 of 1st period - Shot Misses the Net.
16:01 of 1st period - Off-side.
16:02 of 1st period - Bryan Little wins face-off versus Ryan O'Reilly in neutral zone.
16:13 of 1st period - Wrist shot by David Booth.
16:13 of 1st period - Stopped by Semyon Varlamov without a rebound.
16:14 of 1st period - Ryan O'Reilly wins face-off versus Bryan Little in Avalanche zone.
16:15 of 1st period - Wrist shot by Dustin Brown.
16:15 of 1st period - Stopped by Semyon Varlamov without a rebound.
16:16 of 1st period - Ryan O'Reilly wins face-off versus Bryan Little in Avalanche zone.
16:54 of 1st period - Off-side.
16:55 of 1st period - Steven Stamkos wins face-off versus Paul Stastny in neutral zone.
17:00 of 1st period - Snap shot by Steven Stamkos.
17:00 of 1st period - Deflect By Andrei Kostitsyn.
17:00 of 1st period - Shot Blocked by Mattias Ekholm.
17:00 of 1st period - Puck is out of play.
17:01 of 1st period - Steven Stamkos wins face-off versus Paul Stastny in Avalanche zone.
17:28 of 1st period - Wrist shot by Patric Hornqvist.
17:28 of 1st period - Stopped by Jacob Markstrom with a rebound.
17:30 of 1st period - Snap shot by Mikkel Boedker.
17:30 of 1st period - Stopped by Jacob Markstrom with a rebound.
17:48 of 1st period - Sean Zimmerman is hit by Darren Reid and loses puck.
18:59 of 1st period - Wrist shot by Mikkel Boedker.
18:59 of 1st period - Stopped by Jacob Markstrom without a rebound.
19:00 of 1st period - Bryan Little wins face-off versus Steven Stamkos in Penguins zone.
19:07 of 1st period - Wrist shot by Bryan Little.
19:07 of 1st period - Shot Misses the Net.
19:09 of 1st period - Snap shot by Marc Staal.
19:09 of 1st period - Deflect By Mikkel Boedker.
19:09 of 1st period - Stopped by Jacob Markstrom with a rebound.
19:11 of 1st period - Slapshot by Dmitry Kulikov.
19:11 of 1st period - Deflect By Patric Hornqvist.
19:11 of 1st period - Shot Misses the Net.
19:11 of 1st period - Puck is out of play.
19:12 of 1st period - Steven Stamkos wins face-off versus Bryan Little in Penguins zone.
19:39 of 1st period - Patric Hornqvist is hit by Keith Aulie and loses puck.
19:50 of 1st period - Wrist shot by Cal Clutterbuck.
19:50 of 1st period - Shot Misses the Net.
19:52 of 1st period - Wrist shot by Marcus Foligno.
19:52 of 1st period - Shot Blocked by Dmitry Kulikov.
Goals for this period are 0 for Avalanche vs 0 for Penguins.
Shots for this period are 12 for Avalanche vs 8 for Penguins.

2nd period


0:01 of 2nd period - Bryan Little wins face-off versus Steven Stamkos in neutral zone.
0:26 of 2nd period - Steven Stamkos is hit by Darren Reid and loses puck.
0:55 of 2nd period - Snap shot by Andrew Ladd.
0:55 of 2nd period - Shot Misses the Net.
0:57 of 2nd period - Slapshot by Andrew Ladd.
0:57 of 2nd period - Shot Hit the Post.
0:59 of 2nd period - Slapshot by Andrew Ladd.
0:59 of 2nd period - Shot Misses the Net.
1:16 of 2nd period - Backhand shot by Paul Stastny.
1:16 of 2nd period - Deflect By Ryan O'Reilly.
1:16 of 2nd period - Shot Blocked by Sean Zimmerman.
1:16 of 2nd period - Puck is out of play.
1:17 of 2nd period - Bryan Little wins face-off versus Ryan O'Reilly in Penguins zone.
1:25 of 2nd period - Minor Penalty to Dustin Brown for Holding.
1:26 of 2nd period - Bryan Little wins face-off versus Steven Stamkos in Penguins zone.
1:32 of 2nd period - Snap shot by Mikkel Boedker.
1:32 of 2nd period - Stopped by Jacob Markstrom with a rebound.
1:38 of 2nd period - Wrist shot by Bryan Little.
1:38 of 2nd period - Shot Blocked by Brady Skjei.
1:40 of 2nd period - Slapshot by Erik Karlsson.
1:40 of 2nd period - Deflect By Bryan Little.
1:40 of 2nd period - Shot Misses the Net.
1:40 of 2nd period - Puck is out of play.
1:41 of 2nd period - Steven Stamkos wins face-off versus Bryan Little in Penguins zone.
1:41 of 2nd period - Steven Stamkos is hit by Patric Hornqvist.
1:59 of 2nd period - Patric Hornqvist is hit by Logan Couture and loses puck.
2:18 of 2nd period - Slapshot by Alexander Radulov.
2:18 of 2nd period - Goal by Alexander Radulov - Avalanche : 1 - Penguins : 0.
2:19 of 2nd period - Dustin Brown wins face-off versus Bryan Little in neutral zone.
2:24 of 2nd period - Jack Johnson is hit by David Booth and loses puck.
2:50 of 2nd period - Keith Aulie is hit by Dmitry Kulikov and loses puck.
3:17 of 2nd period - Snap shot by Cal Clutterbuck.
3:17 of 2nd period - Stopped by Semyon Varlamov with a rebound.
3:19 of 2nd period - Wrist shot by Marcus Foligno.
3:19 of 2nd period - Stopped by Semyon Varlamov without a rebound.
3:20 of 2nd period - Bryan Little wins face-off versus David Booth in Avalanche zone.
3:28 of 2nd period - Off-side.
3:29 of 2nd period - Bryan Little wins face-off versus Ryan O'Reilly in neutral zone.
3:36 of 2nd period - Snap shot by Bryan Little.
3:36 of 2nd period - Shot Blocked by Eric Gryba.
3:48 of 2nd period - Wrist shot by Patric Hornqvist.
3:48 of 2nd period - Shot Blocked by Eric Gryba.
3:50 of 2nd period - Snap shot by Bryan Little.
3:50 of 2nd period - Stopped by Jacob Markstrom without a rebound.
3:51 of 2nd period - Paul Stastny wins face-off versus Steven Stamkos in Penguins zone.
4:08 of 2nd period - Wrist shot by Andrei Kostitsyn.
4:08 of 2nd period - Shot Blocked by Christian Ehrhoff.
4:18 of 2nd period - Erik Karlsson is hit by David Booth and loses puck.
4:41 of 2nd period - Snap shot by Marcus Foligno.
4:41 of 2nd period - Shot Misses the Net.
4:43 of 2nd period - Snap shot by Logan Couture.
4:43 of 2nd period - Stopped by Semyon Varlamov with a rebound.
4:45 of 2nd period - Wrist shot by Cal Clutterbuck.
4:45 of 2nd period - Stopped by Semyon Varlamov without a rebound.
4:46 of 2nd period - Paul Stastny wins face-off versus Steven Stamkos in Avalanche zone.
5:13 of 2nd period - Danny Richmond is hit by Keith Aulie and loses puck.
5:44 of 2nd period - Keith Aulie is hit by Dmitry Kulikov and loses puck.
5:54 of 2nd period - Off-side.
5:55 of 2nd period - Riley Sheahan wins face-off versus Matt Moulson in neutral zone.
6:20 of 2nd period - Mikkel Boedker is hit by Steven Stamkos and loses puck.
6:55 of 2nd period - Christian Ehrhoff is hit by Mattias Ekholm.
7:16 of 2nd period - Wrist shot by Brady Skjei.
7:16 of 2nd period - Deflect By David Booth.
7:16 of 2nd period - Shot Blocked by Mattias Ekholm.
7:16 of 2nd period - Puck is out of play.
7:17 of 2nd period - Bryan Little wins face-off versus Logan Couture in Avalanche zone.
7:17 of 2nd period - Bryan Little is hit by Marcus Foligno.
8:25 of 2nd period - Eric Gryba is hit by Bryan Little and loses puck.
8:30 of 2nd period - Wrist shot by Patric Hornqvist.
8:30 of 2nd period - Shot Misses the Net.
8:32 of 2nd period - Wrist shot by Patric Hornqvist.
8:32 of 2nd period - Stopped by Jacob Markstrom with a rebound.
9:00 of 2nd period - Wrist shot by Bryan Little.
9:00 of 2nd period - Shot Blocked by David Booth.
9:08 of 2nd period - Slapshot by Patric Hornqvist.
9:08 of 2nd period - Goal by Patric Hornqvist - Avalanche : 2 - Penguins : 0.
9:09 of 2nd period - Paul Stastny wins face-off versus Steven Stamkos in neutral zone.
9:09 of 2nd period - Paul Stastny is hit by Keith Aulie.
9:31 of 2nd period - Minor Penalty to Steven Stamkos for Roughing.
9:32 of 2nd period - Paul Stastny wins face-off versus Logan Couture in Penguins zone.
10:52 of 2nd period - Ryan O'Reilly is hit by Erik Karlsson and loses puck.
11:23 of 2nd period - Keith Aulie is hit by Mikkel Boedker and loses puck.
11:31 of 2nd period - Penalty to Steven Stamkos is over, Steven Stamkos is back on ice.
11:36 of 2nd period - Snap shot by Logan Couture.
11:36 of 2nd period - Stopped by Semyon Varlamov with a rebound.
12:37 of 2nd period - Mikkel Boedker is hit by Eric Gryba and loses puck.
12:50 of 2nd period - David Booth is hit by Andrei Kostitsyn.
13:15 of 2nd period - Paul Stastny is hit by Sean Zimmerman and loses puck.
13:27 of 2nd period - Icing by Andrew Cogliano.
13:28 of 2nd period - Steven Stamkos wins face-off versus Bryan Little in Penguins zone.
13:37 of 2nd period - Wrist shot by Josh Jooris.
13:37 of 2nd period - Shot Misses the Net.
14:00 of 2nd period - Snap shot by Andrew Ladd.
14:00 of 2nd period - Stopped by Jacob Markstrom without a rebound.
14:01 of 2nd period - Paul Stastny wins face-off versus Logan Couture in Penguins zone.
14:07 of 2nd period - Sean Zimmerman is hit by Andrei Kostitsyn and loses puck.
14:12 of 2nd period - Wrist shot by Cal Clutterbuck.
14:12 of 2nd period - Shot Blocked by Dmitry Kulikov.
14:14 of 2nd period - Slapshot by Sean Zimmerman.
14:14 of 2nd period - Stopped by Semyon Varlamov with a rebound.
14:16 of 2nd period - Slapshot by Sean Zimmerman.
14:16 of 2nd period - Shot Misses the Net.
14:22 of 2nd period - Minor Penalty to Dmitry Kulikov for Hooking.
14:23 of 2nd period - Wayne Simmonds wins face-off versus Charlie Coyle in Avalanche zone.
14:26 of 2nd period - Snap shot by Wayne Simmonds.
14:26 of 2nd period - Shot Blocked by Marc Staal.
15:01 of 2nd period - Steven Stamkos is hit by Mattias Ekholm and loses puck.
15:51 of 2nd period - Slapshot by Ryan O'Reilly.
15:51 of 2nd period - Shot Blocked by Kyle Turris.
16:22 of 2nd period - Penalty to Dmitry Kulikov is over, Dmitry Kulikov is back on ice.
17:02 of 2nd period - Snap shot by Andrei Kostitsyn.
17:02 of 2nd period - Shot Misses the Net.
17:42 of 2nd period - Icing by Ryan O'Reilly.
17:43 of 2nd period - Kyle Turris wins face-off versus Logan Couture in Penguins zone.
17:50 of 2nd period - Snap shot by Darren Reid.
17:50 of 2nd period - Shot Blocked by Cal Clutterbuck.
18:05 of 2nd period - Steven Stamkos is hit by Kyle Turris and loses puck.
18:22 of 2nd period - Snap shot by Teuvo Teravainen.
18:22 of 2nd period - Stopped by Semyon Varlamov with a rebound.
18:24 of 2nd period - Wrist shot by Riley Sheahan.
18:24 of 2nd period - Stopped by Semyon Varlamov without a rebound.
18:25 of 2nd period - Ryan O'Reilly wins face-off versus Bryan Little in Avalanche zone.
18:26 of 2nd period - Wrist shot by Dustin Brown.
18:26 of 2nd period - Shot Misses the Net.
18:28 of 2nd period - Wrist shot by Keith Aulie.
18:28 of 2nd period - Shot Misses the Net.
18:32 of 2nd period - Wrist shot by Ryan O'Reilly.
18:32 of 2nd period - Shot Blocked by Bryan Little.
18:34 of 2nd period - Slapshot by Sean Zimmerman.
18:34 of 2nd period - Shot Blocked by Mikkel Boedker.
18:38 of 2nd period - Wrist shot by Dustin Brown.
18:38 of 2nd period - Shot Misses the Net.
18:40 of 2nd period - Snap shot by David Booth.
18:40 of 2nd period - Stopped by Semyon Varlamov with a rebound.
18:42 of 2nd period - Snap shot by David Booth.
18:42 of 2nd period - Shot Blocked by Patric Hornqvist.
18:57 of 2nd period - Snap shot by Christian Ehrhoff.
18:57 of 2nd period - Shot Misses the Net.
19:22 of 2nd period - Icing by Logan Couture.
19:23 of 2nd period - Logan Couture wins face-off versus Bryan Little in Penguins zone.
19:28 of 2nd period - Snap shot by Cal Clutterbuck.
19:28 of 2nd period - Stopped by Semyon Varlamov without a rebound.
19:29 of 2nd period - Steven Stamkos wins face-off versus Bryan Little in Avalanche zone.
19:52 of 2nd period - Minor Penalty to Bryan Little for Tripping.
19:53 of 2nd period - Charlie Coyle wins face-off versus Steven Stamkos in Avalanche zone.
Goals for this period are 2 for Avalanche vs 0 for Penguins.
Shots for this period are 6 for Avalanche vs 10 for Penguins.

3rd period


0:01 of 3rd period - Charlie Coyle wins face-off versus Steven Stamkos in neutral zone.
0:04 of 3rd period - Slapshot by Dmitry Kulikov.
0:04 of 3rd period - Deflect By Charlie Coyle.
0:04 of 3rd period - Goal by Charlie Coyle - Avalanche : 3 - Penguins : 0.
0:05 of 3rd period - Charlie Coyle wins face-off versus Steven Stamkos in neutral zone.
0:18 of 3rd period - Sean Zimmerman is hit by Andrew Ladd and loses puck.
0:35 of 3rd period - Snap shot by Dustin Brown.
0:35 of 3rd period - Stopped by Semyon Varlamov without a rebound.
0:36 of 3rd period - Ryan O'Reilly wins face-off versus Charlie Coyle in Avalanche zone.
0:43 of 3rd period - Snap shot by David Booth.
0:43 of 3rd period - Shot Misses the Net.
0:45 of 3rd period - Slapshot by Brady Skjei.
0:45 of 3rd period - Deflect By Danny Richmond.
0:45 of 3rd period - Goal by Brady Skjei - Avalanche : 3 - Penguins : 1.
0:46 of 3rd period - Paul Stastny wins face-off versus Steven Stamkos in neutral zone.
0:58 of 3rd period - Slapshot by Steven Stamkos.
0:58 of 3rd period - Stopped by Semyon Varlamov with a rebound.
1:21 of 3rd period - Dmitry Kulikov is hit by Eric Gryba and loses puck.
1:42 of 3rd period - Snap shot by Andrew Ladd.
1:42 of 3rd period - Shot Blocked by Eric Gryba.
2:05 of 3rd period - Minor Penalty to Christian Ehrhoff for Tripping.
2:06 of 3rd period - Steven Stamkos wins face-off versus Bryan Little in Penguins zone.
2:06 of 3rd period - Steven Stamkos is hit by Patric Hornqvist.
2:19 of 3rd period - Wrist shot by Steven Stamkos.
2:19 of 3rd period - Stopped by Semyon Varlamov without a rebound.
2:20 of 3rd period - Steven Stamkos wins face-off versus Bryan Little in Avalanche zone.
2:21 of 3rd period - Snap shot by Wayne Simmonds.
2:21 of 3rd period - Stopped by Semyon Varlamov with a rebound.
2:23 of 3rd period - Slapshot by Sean Zimmerman.
2:23 of 3rd period - Stopped by Semyon Varlamov with a rebound.
2:25 of 3rd period - Backhand shot by Wayne Simmonds.
2:25 of 3rd period - Goal by Wayne Simmonds - Avalanche : 3 - Penguins : 2.
2:26 of 3rd period - Bryan Little wins face-off versus Steven Stamkos in neutral zone.
2:29 of 3rd period - Keith Aulie is hit by Patric Hornqvist and loses puck.
3:46 of 3rd period - Andrew Cogliano is hit by Alexander Radulov and loses puck.
4:05 of 3rd period - Penalty to Christian Ehrhoff is over, Christian Ehrhoff is back on ice.
4:23 of 3rd period - Andrew Ladd is hit by Ryan O'Reilly and loses puck.
4:39 of 3rd period - Snap shot by Teuvo Teravainen.
4:39 of 3rd period - Stopped by Semyon Varlamov without a rebound.
4:40 of 3rd period - Ryan O'Reilly wins face-off versus Darren Reid in Avalanche zone.
4:51 of 3rd period - Snap shot by Ryan O'Reilly.
4:51 of 3rd period - Shot Blocked by Erik Karlsson.
5:05 of 3rd period - Marcus Foligno is hit by Andrei Kostitsyn and loses puck.
5:12 of 3rd period - Slapshot by Christian Ehrhoff.
5:12 of 3rd period - Stopped by Semyon Varlamov without a rebound.
5:13 of 3rd period - Bryan Little wins face-off versus Steven Stamkos in Avalanche zone.
5:13 of 3rd period - Bryan Little is hit by Brady Skjei.
5:27 of 3rd period - Eric Gryba is hit by Mattias Ekholm and loses puck.
5:45 of 3rd period - Off-side.
5:46 of 3rd period - Ryan O'Reilly wins face-off versus Charlie Coyle in neutral zone.
5:49 of 3rd period - Slapshot by Keith Aulie.
5:49 of 3rd period - Stopped by Semyon Varlamov with a rebound.
5:51 of 3rd period - Slapshot by Sean Zimmerman.
5:51 of 3rd period - Deflect By Marc Staal.
5:51 of 3rd period - Stopped by Semyon Varlamov with a rebound.
6:04 of 3rd period - Minor Penalty to David Booth for Hooking.
6:05 of 3rd period - Steven Stamkos wins face-off versus Bryan Little in Penguins zone.
6:18 of 3rd period - Slapshot by Keith Aulie.
6:18 of 3rd period - Stopped by Semyon Varlamov with a rebound.
6:33 of 3rd period - Off-side.
6:34 of 3rd period - Paul Stastny wins face-off versus Logan Couture in neutral zone.
6:37 of 3rd period - Eric Gryba is hit by Marc Staal and loses puck.
6:56 of 3rd period - Wrist shot by Wayne Simmonds.
6:56 of 3rd period - Deflect By Alexander Radulov.
6:56 of 3rd period - Shot Blocked by Danny Richmond.
6:56 of 3rd period - Puck is out of play.
6:57 of 3rd period - Steven Stamkos wins face-off versus Bryan Little in Avalanche zone.
6:58 of 3rd period - Wrist shot by Wayne Simmonds.
6:58 of 3rd period - Shot Blocked by Mikkel Boedker.
7:22 of 3rd period - Sean Zimmerman is hit by Andrei Kostitsyn.
8:04 of 3rd period - Penalty to David Booth is over, David Booth is back on ice.
8:16 of 3rd period - Keith Aulie is hit by Jack Johnson.
8:49 of 3rd period - Minor Penalty to Teuvo Teravainen for Holding.
8:50 of 3rd period - Steven Stamkos wins face-off versus Bryan Little in Penguins zone.
9:05 of 3rd period - Snap shot by Bryan Little.
9:05 of 3rd period - Stopped by Jacob Markstrom with a rebound.
9:07 of 3rd period - Slapshot by Marc Staal.
9:07 of 3rd period - Deflect By Mikkel Boedker.
9:07 of 3rd period - Shot Misses the Net.
9:07 of 3rd period - Puck is out of play.
9:08 of 3rd period - Paul Stastny wins face-off versus Steven Stamkos in Penguins zone.
10:49 of 3rd period - Penalty to Teuvo Teravainen is over, Teuvo Teravainen is back on ice.
12:21 of 3rd period - Snap shot by Teuvo Teravainen.
12:21 of 3rd period - Stopped by Semyon Varlamov with a rebound.
12:23 of 3rd period - Slapshot by Eric Gryba.
12:23 of 3rd period - Stopped by Semyon Varlamov without a rebound.
12:24 of 3rd period - Riley Sheahan wins face-off versus Andrew Ladd in Avalanche zone.
12:27 of 3rd period - Snap shot by Riley Sheahan.
12:27 of 3rd period - Deflect By Teuvo Teravainen.
12:27 of 3rd period - Shot Misses the Net.
12:27 of 3rd period - Puck is out of play.
12:28 of 3rd period - Steven Stamkos wins face-off versus Charlie Coyle in Avalanche zone.
12:55 of 3rd period - Wrist shot by Charlie Coyle.
12:55 of 3rd period - Stopped by Jacob Markstrom with a rebound.
13:45 of 3rd period - Slapshot by Matt Moulson.
13:45 of 3rd period - Goal by Matt Moulson - Avalanche : 4 - Penguins : 2.
13:46 of 3rd period - Bryan Little wins face-off versus Steven Stamkos in neutral zone.
14:13 of 3rd period - Steven Stamkos is hit by Danny Richmond and loses puck.
14:40 of 3rd period - Alexander Radulov is hit by Dustin Brown and loses puck.
14:47 of 3rd period - Slapshot by Marc Staal.
14:47 of 3rd period - Deflect By Dustin Brown.
14:47 of 3rd period - Stopped by Jacob Markstrom without a rebound.
14:48 of 3rd period - Ryan O'Reilly wins face-off versus Mikkel Boedker in Penguins zone.
15:36 of 3rd period - Slapshot by Andrei Kostitsyn.
15:36 of 3rd period - Shot Misses the Net.
15:38 of 3rd period - Slapshot by Andrei Kostitsyn.
15:38 of 3rd period - Shot Blocked by Sean Zimmerman.
15:40 of 3rd period - Snap shot by Alexander Radulov.
15:40 of 3rd period - Stopped by Jacob Markstrom without a rebound.
15:41 of 3rd period - Logan Couture wins face-off versus Bryan Little in Penguins zone.
16:00 of 3rd period - Marc Staal is hit by Logan Couture.
16:18 of 3rd period - Snap shot by Andrew Cogliano.
16:18 of 3rd period - Shot Misses the Net.
16:35 of 3rd period - Off-side.
16:36 of 3rd period - Ryan O'Reilly wins face-off versus Paul Stastny in neutral zone.
16:41 of 3rd period - Wrist shot by Dustin Brown.
16:41 of 3rd period - Deflect By Ryan O'Reilly.
16:41 of 3rd period - Stopped by Semyon Varlamov without a rebound.
16:42 of 3rd period - Ryan O'Reilly wins face-off versus Patric Hornqvist in Avalanche zone.
17:32 of 3rd period - Wrist shot by Cal Clutterbuck.
17:32 of 3rd period - Stopped by Semyon Varlamov without a rebound.
17:33 of 3rd period - Logan Couture wins face-off versus Paul Stastny in Avalanche zone.
17:58 of 3rd period - Snap shot by Alexander Radulov.
17:58 of 3rd period - Deflect By Paul Stastny.
17:58 of 3rd period - Stopped by Jacob Markstrom with a rebound.
18:04 of 3rd period - Andrei Kostitsyn is hit by Wayne Simmonds and loses puck.
18:09 of 3rd period - Wrist shot by Steven Stamkos.
18:09 of 3rd period - Stopped by Semyon Varlamov with a rebound.
18:35 of 3rd period - Minor Penalty to Erik Karlsson for Interference.
18:36 of 3rd period - Charlie Coyle wins face-off versus Steven Stamkos in Avalanche zone.
18:51 of 3rd period - Wrist shot by Andrew Cogliano.
18:51 of 3rd period - Shot Blocked by Dmitry Kulikov.
19:09 of 3rd period - Slapshot by Keith Aulie.
19:09 of 3rd period - Stopped by Semyon Varlamov without a rebound.
19:10 of 3rd period - Darren Reid wins face-off versus Ryan O'Reilly in Avalanche zone.
19:29 of 3rd period - Andrew Ladd is hit by David Booth and loses puck.
19:44 of 3rd period - Jack Johnson is hit by David Booth and loses puck.
Goals for this period are 2 for Avalanche vs 2 for Penguins.
Shots for this period are 7 for Avalanche vs 18 for Penguins.